 Dungeon Crawl Stone Soup version 0.16.1-11-g651b585 (webtiles) character file.

219 Trafet the Conjurer (level 5, 0/42 HPs)
             Began as a Naga Wizard on Apr 3, 2015.
             Was an Initiate of Sif Muna.
             Slain by a hound (6 damage)
             ... on level 4 of the Dungeon.
             The game lasted 00:09:45 (3392 turns).

Trafet the Conjurer (Naga Wizard)                   Turns: 3392, Time: 00:09:45

Health: 0/42       AC:  3    Str:  7 (9)  XL:     5   Next: 96%
Magic:  2/11       EV: 10    Int: 24      God:    Sif Muna [......]
Gold:   136        SH:  0    Dex: 10      Spells: 4 memorised, 1 level left

rFire  . . .     SeeInvis +     y - +2 quarterstaff (chaos)
rCold  . . .     Clarity  .     a - +0 robe
rNeg   . . .     SustAb   .     (no shield)
rPois  +         Gourm    +     b - +0 hat
rElec  .         Spirit   .     z - +0 cloak
rCorr  .         Warding  .     (no gloves)
rMut   .         Stasis   .     (no barding)
MR     .....                    p - amulet of the gourmand
Stlth  ++........               (no ring)
                                (no ring)

@: brilliant, short of breath, flying, very slow, not resistant to hostile
enchantments, unstealthy
A: spit poison, see invisible, deformed body, poison resistance, slowness 2, AC
+1
a: Spit Poison, Renounce Religion


You were on level 4 of the Dungeon.
You worshipped Sif Muna.
Sif Muna was noncommittal.
You were completely stuffed.

You visited 1 branch of the dungeon, and saw 4 of its levels.

You collected 136 gold pieces.

Inventory:

Hand weapons
 n - a +0 dagger of pain
 y - a +2 quarterstaff of chaos (weapon)
Armour
 a - a +0 robe (worn)
 b - a +0 hat (worn)
 e - a +0 cloak
 k - a +0 cloak
 z - a +0 cloak (worn)
Jewellery
 p - an amulet of the gourmand (around neck)
Scrolls
 h - 2 scrolls of remove curse {unknown}
 i - 5 scrolls of identify {unknown}
 j - 2 scrolls of immolation {unknown}
 m - 3 scrolls of teleportation {unknown}
 o - a scroll of recharging {unknown}
 s - a scroll of enchant weapon {unknown}
 t - a scroll of fear {unknown}
Books
 c - a book of Minor Magic

   Spells                             Type                      Level
   a - Magic Dart                     Conjuration                  1
   b - Blink                          Translocation                2
   c - Call Imp                       Summoning                    2
   d - Repel Missiles                 Charms/Air                   2
   e - Slow                           Hexes                        2
   f - Conjure Flame                  Conjuration/Fire             3
   g - Mephitic Cloud                 Conjuration/Poison/Air       3
Comestibles
 d - 3 bread rations
 f - a beef jerky
 g - 3 meat rations
 q - a royal jelly
 r - 2 slices of pizza
 w - 3 chunks of flesh


   Skills:
 - Level 1.7 Dodging
 - Level 3.0 Stealth
 - Level 3.4 Spellcasting
 + Level 5.2 Conjurations
   Level 1.0 Summonings
 - Level 1.0 Translocations


You had one spell level left.
You knew the following spells:

 Your Spells              Type           Power        Failure   Level  Hunger
a - Magic Dart            Conj           ####         1%          1    None
b - Mephitic Cloud        Conj/Pois/Air  ####....     2%          3    ###....
c - Blink                 Tloc           N/A          1%          2    #......
d - Conjure Flame         Conj/Fire      ####....     1%          3    ###....


Dungeon Overview and Level Annotations

Branches:
Dungeon (4/15)
 Temple: D:4-7

Altars:
Ashenzari
Gozag
Qazlal
Sif Muna


Innate Abilities, Weirdness & Mutations

You cannot wear boots.
You can spit poison.
Your serpentine skin is tough (AC +1).
You have supernaturally acute eyesight.
Armour fits poorly on your strangely shaped body.
Your system is resistant to poisons.
You cover ground very slowly.


Message History

Drink which item? (? for menu, Esc to quit)
It was a potion of brilliance.
You feel clever all of a sudden.
The gnoll seems less confused.
The hound bites you but does no damage. The hound bites you.
* * * LOW HITPOINT WARNING * * *
The gnoll barely misses you.
Drink which item? (? for menu, Esc to quit)
It was a potion of flight.
You feel very buoyant.
You fly up into the air.
The hound closely misses you.
Read which item? (? for menu, Esc to quit)
Okay, then.
Use which ability? (? or * to list)
Press: ? - help, Shift-Dir - straight line, f/p - gnoll
Aim: a gnoll, wielding a halberd The splash of poison hits the gnoll.
The gnoll is poisoned.
The gnoll is lightly wounded.
You feel slightly less full. The hound bites you.
You die...

. .... ..... ##......
###...... .####.......
...g......#
........gh# ... ##@.#
#..$ ###†)##
#..###.?..# #........#
#....(..?# .
.#####........####
......................
.............#####....
...........### ##..


You could see a hound and 2 gnolls.

Vanquished Creatures
  Crazy Yiuf (D:3)
  Ijyb (D:3)
  Jessica (D:3)
  5 adders
  2 gnolls (D:4)
  A shadow imp (D:4)
  2 giant mites (D:1)
  2 worms (D:3)
  A giant gecko (D:3)
  2 oozes
  2 orcs (D:3)
  4 giant cockroaches
  3 hobgoblins (D:1)
  8 kobolds
  9 bats
  4 giant newts
  9 goblins
  4 jackals (D:3)
  A quokka (D:3)
  8 rats
70 creatures vanquished.

Vanquished Creatures (others)
  An ogre (D:4)
  A giant frog (D:4)
  A worker ant (D:4)
  A giant gecko (D:4)
  An orc (D:4)
  A giant cockroach (D:4)
6 creatures vanquished.

Grand Total: 76 creatures vanquished

Notes
Turn   | Place    | Note
--------------------------------------------------------------
     0 | D:1      | Trafet, the Naga Wizard, began the quest for the Orb.
     0 | D:1      | Reached XP level 1. HP: 15/15 MP: 4/4
   172 | D:1      | Reached XP level 2. HP: 17/22 MP: 0/6
   732 | D:1      | Reached XP level 3. HP: 26/28 MP: 4/8
  1203 | D:2      | Found a stormy altar of Qazlal.
  1356 | D:2      | Found an opulent altar of Gozag.
  1357 | D:2      | Found a shattered altar of Ashenzari.
  1808 | D:3      | Reached XP level 4. HP: 36/36 MP: 6/9
  2060 | D:3      | Noticed Ijyb
  2086 | D:3      | Killed Ijyb
  2360 | D:3      | Reached skill level 4 in Conjurations
  2360 | D:3      | Reached XP level 5. HP: 42/42 MP: 7/11
  2692 | D:3      | Noticed Jessica
  2696 | D:3      | Killed Jessica
  2705 | D:3      | Found a deep blue altar of Sif Muna.
  2714 | D:3      | Became a worshipper of Sif Muna the Loreminder
  2722 | D:3      | Learned a level 3 spell: Mephitic Cloud
  2725 | D:3      | Learned a level 2 spell: Blink
  2729 | D:3      | Learned a level 3 spell: Conjure Flame
  3179 | D:3      | Noticed Crazy Yiuf
  3267 | D:3      | Killed Crazy Yiuf
  3365 | D:4      | Reached skill level 5 in Conjurations
  3367 | D:4      | Killed an ogre
  3392 | D:4      | Slain by a hound

Action                   |  1- 3 |  4- 6 || total
-------------------------+-------+-------++-------
Melee: Unarmed           |     9 |       ||     9
       Dagger            |     1 |    37 ||    38
       Quarterstaff      |       |    14 ||    14
 Cast: Magic Dart        |    81 |    73 ||   154
       Mephitic Cloud    |       |     3 ||     3
       Blink             |       |     3 ||     3
 Abil: Spit Poison       |     6 |     4 ||    10
  Use: Potion            |       |     4 ||     4
 Stab: Confused          |       |     1 ||     1
       Sleeping          |       |     1 ||     1
  Eat: Chunk             |     3 |    17 ||    20
